Map: Fracture LE

Players

FightingFrog - Winner!

  • Race: Protoss Protoss
  • League: Grandmaster
  • Spawn Location: 5:00

Ghosti

  • Race: Zerg Zerg
  • League: Master
  • Spawn Location: 11:00

VOD

Have the link to the VOD?

Description

Time

  • Played on: Nov. 7, 2018, 8:13 a.m.
  • Length: 7:30
Show
View Real Time Build Order
Export as new Build Order

FightingFrog Protoss - Winner!

Build Orders: 1 Gate Expand 

Get SALT Encoding   

  12  0:00  Probe  
  13  0:12  Probe  
  14  0:20  Pylon  
  14  0:25  Probe  
  15  0:38  Probe  
  15  0:41  Gateway  
  16  0:47  Probe  
  16  0:49  Assimilator  
  16  0:55  Probe  
  18  1:04  Probe  
  19  1:16  Probe  
  20  1:24  Nexus  
  20  1:34  Cybernetics Core  
  20  1:41  Assimilator  
  20  1:42  Probe  
  21  1:49  Pylon  
  21  1:54  Probe  
  22  2:02  Adept  
  22  2:07  Probe  
  23  2:12  Warp Gate  
  25  2:16  Probe  
  25  2:21  Twilight Council  
  26  2:24  Probe  
  27  2:32  Adept  
  27  2:33  Probe x2  
  30  2:37  Resonating Glaives  
  30  2:41  Probe  
  31  2:45  Probe  
  33  2:55  Probe  
  33  2:57  Probe  
  35  3:05  Adept  
  37  3:07  Probe  
  39  3:12  Probe  
  39  3:15  Robotics Facility  
  39  3:19  Probe  
  40  3:24  Probe  
  41  3:31  Gateway x2  
  41  3:36  Adept, Pylon  
  41  3:40  Probe x2  
  45  3:49  Pylon  
  45  3:56  Warp Prism  
  45  3:58  Gateway  
  45  3:59  Gateway  
  45  4:02  Gateway  
  47  4:13  Probe  
  48  4:19  Adept  
  48  4:22  Pylon  
  50  4:26  Adept  
  50  4:27  Adept  
  54  4:31  Pylon  
  54  4:47  Adept, Sentry x2  
  60  4:56  Pylon  
  60  5:02  Adept x2  
  60  5:03  Adept  
  60  5:05  Probe x2  
  68  5:08  Adept  
  68  5:10  Adept x2  
  74  5:14  Pylon  
  74  5:15  Pylon  
  74  5:17  Pylon  
  74  5:23  Adept x3  
  74  5:28  Adept  
Show
View Real Time Build Order
Export as new Build Order

Ghosti Zerg 

Build Orders: Hatch First 

Get SALT Encoding   

  12  0:01  Drone  
  13  0:12  Overlord  
  13  0:18  Drone  
  14  0:31  Drone x2  
  17  0:35  Drone  
  17  0:52  Hatchery  
  17  0:56  Drone  
  17  0:57  Drone  
  18  1:11  Extractor  
  17  1:13  Spawning Pool  
  17  1:15  Drone  
  17  1:19  Drone  
  18  1:28  Drone  
  19  1:38  Overlord  
  19  1:49  Drone  
  20  1:59  Queen  
  22  2:04  Queen  
  22  2:05  Zergling x4  
  26  2:12  Metabolic Boost  
  26  2:26  Hatchery  
  26  2:28  Drone  
  26  2:30  Drone  
  26  2:32  Drone  
  26  2:34  Drone  
  29  2:38  Drone  
  29  2:40  Drone  
  29  2:43  Drone  
  32  2:47  Drone  
  33  2:54  Drone  
  34  2:58  Overlord  
  34  3:08  Drone  
  34  3:10  Drone  
  34  3:12  Overlord  
  36  3:17  Drone x5  
  41  3:20  Drone  
  41  3:26  Drone  
  43  3:29  Lair  
  43  3:30  Drone  
  44  3:37  Roach Warren  
  44  3:38  Evolution Chamber  
  44  3:39  Drone  
  44  3:40  Extractor, Drone  
  44  3:41  Extractor  
  42  3:42  Drone  
  42  3:44  Drone  
  42  3:46  Drone  
  42  3:48  Drone  
  46  3:50  Drone  
  46  3:52  Drone  
  48  3:56  Queen  
  50  4:03  Drone x3  
  50  4:04  Drone  
  50  4:07  Drone  
  50  4:08  Drone  
  56  4:11  Extractor  
  56  4:12  Drone x2  
  56  4:16  Overlord  
  57  4:21  Overlord  
  57  4:22  Drone  
  58  4:27  Spore Crawler x2  
  58  4:29  Drone x2  
  58  4:31  Spore Crawler  
  58  4:33  Drone  
  58  4:36  Drone  
  58  4:37  Spore Crawler  
  58  4:38  Drone  
  59  4:43  Roach x2  
  59  4:44  Roach x3  
  73  4:46  Zerg Missile Weapons Level 1  
  73  4:47  Glial Reconstitution  
  73  4:54  Overlord x2  
  73  5:03  Roach  
  74  5:12  Roach  
  74  5:13  Roach x6  
  88  5:16  Roach  
  88  5:19  Overlord  
  90  5:27  Spine Crawler x2  
Tags
 
Add a new tag
Caveats
  • Supply blocks, unpowered buildings, or Contaminate may cause inaccurate times.
  • Supply counts are checked every 10 seconds.